Workbook

Sheet Kassenbuch
A1: =Schlussrechnung!A1 -> Mein Verein e. V. | I1: Rückrechnung
I2: Barkasse | K2: =Barkasse!E5 -> 1000
A3: =Schlussrechnung!A3 -> 45658 | I3: Girokonto | K3: =Girokonto!E5 -> 2000
A4: Kassenbuch | I4: Sparbuch | K4: =Sparbuch!E5 -> 3000
A5: Kassenstand | B5: =TODAY() -> 45816 | E5: =SUM(E7:E9) -> 6000
A6: Datum | B6: Buch-Nr. | C6: Bemerkung | D6: Zuordnung | E6: Betrag | F6: Konto | I6: Kassenstand | K6: =SUM(K2:K4) -> 6000
A9: =Schlussrechnung!D12 -> 45658 | B9: 2025000 | C9: Übertrag Eröffnungsbilanz | E9: =Barkasse!E9+Girokonto!E9+Sparbuch!E9 -> 6000
I13: Scripts zu finden unter:
I14: C:\Users\mshop\Documents\SoftMaker\Scripts
I16: Kassenbuch 2025-26
I17: Script Schnellstart: | K17: Strg + F9
I18: oder Button | K18: Register "Eigene Scripts" / BasicMaker - Kassenbuch 2025-26
I20: Kassenbuch Korrektur
I21: Script Schnellstart: | K21: Strg + F10
I22: oder Button | K22: Register "Eigene Scripts" / BasicMaker - Kassenbuch Korrektur

Sheet Barkasse
A1: =Schlussrechnung!A1 -> Mein Verein e. V.
A3: =Schlussrechnung!A3 -> 45658
A4: Barkasse
A5: Kassenstand | E5: =SUM(E7:E9) -> 1000
A6: Datum | B6: Buch-Nr. | C6: Bemerkung | D6: Zuordnung | E6: Betrag | F6: Konto
A7: =IF(EXACT(Kassenbuch!$F7,"Bar"),Kassenbuch!A7,"") | B7: =IF(EXACT(Kassenbuch!$F7,"Bar"),Kassenbuch!B7,"") | C7: =IF(EXACT(Kassenbuch!$F7,"Bar"),Kassenbuch!C7,"") | D7: =IF(EXACT(Kassenbuch!$F7,"Bar"),Kassenbuch!D7,"") | E7: =IF(EXACT(Kassenbuch!$F7,"Bar"),Kassenbuch!E7,"") | F7: =IF(EXACT(Kassenbuch!$F7,"Bar"),Kassenbuch!F7,"")
A8: =IF(EXACT(Kassenbuch!$F8,"Bar"),Kassenbuch!A8,"") | B8: =IF(EXACT(Kassenbuch!$F8,"Bar"),Kassenbuch!B8,"") | C8: =IF(EXACT(Kassenbuch!$F8,"Bar"),Kassenbuch!C8,"") | D8: =IF(EXACT(Kassenbuch!$F8,"Bar"),Kassenbuch!D8,"") | E8: =IF(EXACT(Kassenbuch!$F8,"Bar"),Kassenbuch!E8,"") | F8: =IF(EXACT(Kassenbuch!$F8,"Bar"),Kassenbuch!F8,"")
A9: =Schlussrechnung!D12 -> 45658 | C9: Übertrag Eröffnungsbilanz | E9: =Schlussrechnung!E9 -> 1000
I10: Barbestand
I11: Scheine versiegelt | J11: 0
I12: Münzrollen | J12: 0
I13: Kasse
I14: >50 € | J14: 0
I15: 50 | J15: 0
I16: 20 | J16: 0
I17: 10 | J17: 0
I18: 5 | J18: 0
I19: 2 | J19: 0
I20: 1 | J20: 0
I21: 0.5 | J21: 0
I22: 0.2 | J22: 0
I23: 0.1 | J23: 0
I24: 0.05 | J24: 0
I25: 0.02 | J25: 0
I26: 0.01 | J26: 0
I27: Summe: | J27: =SUM(J11:J26) -> 0
I31: Bereingung Ausgaben/Einnahmen (Umbuchungen wie z. B. Bareinzahlungen auf Girokonto werden in der GuV-Rechnung nicht berückichtigt)
I33: Einnahmen | J33: =SUMIF(E7:E8,">0") -> 0
I34: Ausgaben | J34: =SUMIF(E7:E8,"<0") -> 0
I35: Einnahmen o. Übertrag | J35: =_xlfn.SUMIFS(E7:E8,E7:E8,">0",D7:D8,"Übertrag") -> 0
I36: Ausgaben o. Übertrag | J36: =_xlfn.SUMIFS(E7:E8,E7:E8,"<0",D7:D8,"Übertrag") -> 0
I37: Übertrag Einnahmen | J37: =J33-J35 -> 0
I38: Übertrag Ausgaben | J38: =J34-J36 -> 0

Sheet Girokonto
A1: =Schlussrechnung!A1 -> Mein Verein e. V.
A3: =Schlussrechnung!A3 -> 45658
A4: Girokonto
A5: Kassenstand | E5: =SUM(E7:E9) -> 2000
A6: Datum | B6: Buch-Nr. | C6: Bemerkung | D6: Zuordnung | E6: Betrag | F6: Konto
A7: =IF(EXACT(Kassenbuch!$F7,"GiroKto"),Kassenbuch!A7,"") | B7: =IF(EXACT(Kassenbuch!$F7,"GiroKto"),Kassenbuch!B7,"") | C7: =IF(EXACT(Kassenbuch!$F7,"GiroKto"),Kassenbuch!C7,"") | D7: =IF(EXACT(Kassenbuch!$F7,"GiroKto"),Kassenbuch!D7,"") | E7: =IF(EXACT(Kassenbuch!$F7,"GiroKto"),Kassenbuch!E7,"") | F7: =IF(EXACT(Kassenbuch!$F7,"GiroKto"),Kassenbuch!F7,"")
A8: =IF(EXACT(Kassenbuch!$F8,"GiroKto"),Kassenbuch!A8,"") | B8: =IF(EXACT(Kassenbuch!$F8,"GiroKto"),Kassenbuch!B8,"") | C8: =IF(EXACT(Kassenbuch!$F8,"GiroKto"),Kassenbuch!C8,"") | D8: =IF(EXACT(Kassenbuch!$F8,"GiroKto"),Kassenbuch!D8,"") | E8: =IF(EXACT(Kassenbuch!$F8,"GiroKto"),Kassenbuch!E8,"") | F8: =IF(EXACT(Kassenbuch!$F8,"GiroKto"),Kassenbuch!F8,"")
A9: =Schlussrechnung!D12 -> 45658 | C9: Übertrag Eröffnungsbilanz | E9: =Schlussrechnung!E10 -> 2000
I31: Bereingung Ausgaben/Einnahmen (Umbuchungen wie z. B. Bareinzahlungen auf Girokonto werden in der GuV-Rechnung nicht berückichtigt)
I33: Einnahmen | J33: =SUMIF(E7:E8,">0") -> 0
I34: Ausgaben | J34: =SUMIF(E7:E8,"<0") -> 0
I35: Einnahmen o. Übertrag | J35: =_xlfn.SUMIFS(E7:E8,E7:E8,">0",D7:D8,"Übertrag") -> 0
I36: Ausgaben o. Übertrag | J36: =_xlfn.SUMIFS(E7:E8,E7:E8,"<0",D7:D8,"Übertrag") -> 0
I37: ÜbertragEinnahmen | J37: =J33-J35 -> 0
I38: ÜbertragAusgaben | J38: =J34-J36 -> 0

Sheet Sparbuch
A1: =Schlussrechnung!A1 -> Mein Verein e. V.
A3: =Kassenbuch!A3 -> 45658
A4: Sparbuch
A5: Kassenstand | E5: =SUM(E7:E9) -> 3000
A6: Datum | B6: Buch-Nr. | C6: Bemerkung | D6: Zuordnung | E6: Betrag | F6: Konto
A7: =IF(EXACT(Kassenbuch!$F7,"SpBuch"),Kassenbuch!A7,"") | B7: =IF(EXACT(Kassenbuch!$F7,"SpBuch"),Kassenbuch!B7,"") | C7: =IF(EXACT(Kassenbuch!$F7,"SpBuch"),Kassenbuch!C7,"") | D7: =IF(EXACT(Kassenbuch!$F7,"SpBuch"),Kassenbuch!D7,"") | E7: =IF(EXACT(Kassenbuch!$F7,"SpBuch"),Kassenbuch!E7,"") | F7: =IF(EXACT(Kassenbuch!$F7,"SpBuch"),Kassenbuch!F7,"")
A8: =IF(EXACT(Kassenbuch!$F8,"SpBuch"),Kassenbuch!A8,"") | B8: =IF(EXACT(Kassenbuch!$F8,"SpBuch"),Kassenbuch!B8,"") | C8: =IF(EXACT(Kassenbuch!$F8,"SpBuch"),Kassenbuch!C8,"") | D8: =IF(EXACT(Kassenbuch!$F8,"SpBuch"),Kassenbuch!D8,"") | E8: =IF(EXACT(Kassenbuch!$F8,"SpBuch"),Kassenbuch!E8,"") | F8: =IF(EXACT(Kassenbuch!$F8,"SpBuch"),Kassenbuch!F8,"")
A9: =Schlussrechnung!D12 -> 45658 | C9: Übertrag Eröffnungsbilanz | E9: =Schlussrechnung!E11 -> 3000
I31: Bereingung Ausgaben/Einnahmen
I33: Einnahmen | J33: =SUMIF(E7:E8,">0") -> 0
I34: Ausgaben | J34: =SUMIF(E7:E8,"<0") -> 0
I35: Einnahmen o. Übertrag | J35: =_xlfn.SUMIFS(E7:E8,E7:E8,">0",D7:D8,"Übertrag") -> 0
I36: Ausgaben o. Übertrag | J36: =_xlfn.SUMIFS(E7:E8,E7:E8,"<0",C7:C8,"Übertrag") -> 0
I37: Einnahmen Übertrag | J37: =J33-J35 -> 0
I38: Ausgaben Übertrag | J38: =J34-J36 -> 0

Sheet Beiträge
A1: =Schlussrechnung!A1 -> Mein Verein e. V.
A3: =Schlussrechnung!A3 -> 45658
A4: Beiträge
A5: Saldo | E5: =SUM(E7:E8) -> 0
A6: Datum | B6: Buch-Nr. | C6: Bemerkung | D6: Zuordnung | E6: Betrag | F6: Konto
A7: =IF(EXACT(Kassenbuch!$D7,"Markt/Hockete"),Kassenbuch!A7,"") | C7: =IF(EXACT(Kassenbuch!$D7,"Markt/Hockete"),Kassenbuch!C7,"") | D7: =IF(EXACT(Kassenbuch!$D7,"Markt/Hockete"),Kassenbuch!D7,"") | E7: =IF(EXACT(Kassenbuch!$D7,"Markt/Hockete"),Kassenbuch!E7,"")
A8: =IF(EXACT(Kassenbuch!$D8,"Markt/Hockete"),Kassenbuch!A8,"") | C8: =IF(EXACT(Kassenbuch!$D8,"Markt/Hockete"),Kassenbuch!C8,"") | D8: =IF(EXACT(Kassenbuch!$D8,"Markt/Hockete"),Kassenbuch!D8,"") | E8: =IF(EXACT(Kassenbuch!$D8,"Markt/Hockete"),Kassenbuch!E8,"")

Sheet Flugplatz
A1: =Schlussrechnung!A1 -> Mein Verein e. V.
A3: =Schlussrechnung!A3 -> 45658
A4: Flugplatz
A5: Saldo | E5: =SUM(E7:E8) -> 0
A6: Datum | B6: Buch-Nr. | C6: Bemerkung | D6: Zuordnung | E6: Betrag | F6: Konto
A7: =IF(EXACT(Kassenbuch!$D7,"Schwätzplätzle"),Kassenbuch!A7,"") | B7: =IF(EXACT(Kassenbuch!$D7,"Schwätzplätzle"),Kassenbuch!B7,"") | C7: =IF(EXACT(Kassenbuch!$D7,"Schwätzplätzle"),Kassenbuch!C7,"") | D7: =IF(EXACT(Kassenbuch!$D7,"Schwätzplätzle"),Kassenbuch!D7,"") | E7: =IF(EXACT(Kassenbuch!$D7,"Schwätzplätzle"),Kassenbuch!E7,"") | F7: =IF(EXACT(Kassenbuch!$D7,"Schwätzplätzle"),Kassenbuch!F7,"")
A8: =IF(EXACT(Kassenbuch!$D8,"Schwätzplätzle"),Kassenbuch!A8,"") | B8: =IF(EXACT(Kassenbuch!$D8,"Schwätzplätzle"),Kassenbuch!B8,"") | C8: =IF(EXACT(Kassenbuch!$D8,"Schwätzplätzle"),Kassenbuch!C8,"") | D8: =IF(EXACT(Kassenbuch!$D8,"Schwätzplätzle"),Kassenbuch!D8,"") | E8: =IF(EXACT(Kassenbuch!$D8,"Schwätzplätzle"),Kassenbuch!E8,"") | F8: =IF(EXACT(Kassenbuch!$D8,"Schwätzplätzle"),Kassenbuch!F8,"")
J20: 6

Sheet Flugplatz Fest
A1: =Schlussrechnung!A1 -> Mein Verein e. V.
A3: =Schlussrechnung!A3 -> 45658
A4: Flugplatz-Fest
A5: Saldo | E5: =SUM(E7:E8) -> 0
A6: Datum | B6: Buch-Nr. | C6: Bemerkung | D6: Zuordnung | E6: Betrag | F6: Konto
A7: =IF(EXACT(Kassenbuch!$D7,"Kleines Stadtmuseum"),Kassenbuch!A7,"") | B7: =IF(EXACT(Kassenbuch!$D7,"Kleines Stadtmuseum"),Kassenbuch!B7,"") | C7: =IF(EXACT(Kassenbuch!D7,"Kleines Stadtmuseum"),Kassenbuch!C7,"") | D7: =IF(EXACT(Kassenbuch!$D7,"Kleines Stadtmuseum"),Kassenbuch!D7,"") | E7: =IF(EXACT(Kassenbuch!$D7,"Kleines Stadtmuseum"),Kassenbuch!E7,"") | F7: =IF(EXACT(Kassenbuch!$D7,"Kleines Stadtmuseum"),Kassenbuch!F7,"")
A8: =IF(EXACT(Kassenbuch!$D8,"Kleines Stadtmuseum"),Kassenbuch!A8,"") | B8: =IF(EXACT(Kassenbuch!$D8,"Kleines Stadtmuseum"),Kassenbuch!B8,"") | C8: =IF(EXACT(Kassenbuch!D8,"Kleines Stadtmuseum"),Kassenbuch!C8,"") | D8: =IF(EXACT(Kassenbuch!$D8,"Kleines Stadtmuseum"),Kassenbuch!D8,"") | E8: =IF(EXACT(Kassenbuch!$D8,"Kleines Stadtmuseum"),Kassenbuch!E8,"") | F8: =IF(EXACT(Kassenbuch!$D8,"Kleines Stadtmuseum"),Kassenbuch!F8,"")

Sheet Versicherung
A1: =Schlussrechnung!A1 -> Mein Verein e. V.
A3: =Schlussrechnung!A3 -> 45658
A4: Versicherung
A5: Saldo | E5: =SUM(E7:E8) -> 0
A6: Datum | B6: Buch-Nr. | C6: Bemerkung | D6: Zuordnung | E6: Betrag | F6: Konto
A7: =IF(EXACT(Kassenbuch!$D7,"Druckkosten"),Kassenbuch!A7,"") | B7: =IF(EXACT(Kassenbuch!$D7,"Druckkosten"),Kassenbuch!B7,"") | C7: =IF(EXACT(Kassenbuch!$D7,"Druckkosten"),Kassenbuch!C7,"") | D7: =IF(EXACT(Kassenbuch!$D7,"Druckkosten"),Kassenbuch!D7,"") | E7: =IF(EXACT(Kassenbuch!$D7,"Druckkosten"),Kassenbuch!E7,"") | F7: =IF(EXACT(Kassenbuch!$D7,"Druckkosten"),Kassenbuch!F7,"")
A8: =IF(EXACT(Kassenbuch!$D8,"Druckkosten"),Kassenbuch!A8,"") | B8: =IF(EXACT(Kassenbuch!$D8,"Druckkosten"),Kassenbuch!B8,"") | C8: =IF(EXACT(Kassenbuch!$D8,"Druckkosten"),Kassenbuch!C8,"") | D8: =IF(EXACT(Kassenbuch!$D8,"Druckkosten"),Kassenbuch!D8,"") | E8: =IF(EXACT(Kassenbuch!$D8,"Druckkosten"),Kassenbuch!E8,"") | F8: =IF(EXACT(Kassenbuch!$D8,"Druckkosten"),Kassenbuch!F8,"")

Sheet Sonstiges
A1: =Schlussrechnung!A1 -> Mein Verein e. V.
A3: =Schlussrechnung!A3 -> 45658
A4: Sonstiges
A5: Saldo | E5: =SUM(E7:E8) -> 0
A6: Datum | B6: Buch-Nr. | C6: Bemerkung | D6: Zuordnung | E6: Betrag | F6: Konto
A7: =IF(EXACT(Kassenbuch!$D7,"Beitrag/Abo/Verkauf"),Kassenbuch!A7,"") | B7: =IF(EXACT(Kassenbuch!$D7,"Beitrag/Abo/Verkauf"),Kassenbuch!B7,"") | C7: =IF(EXACT(Kassenbuch!D7,"Beitrag/Abo/Verkauf"),Kassenbuch!C7,"") | D7: =IF(EXACT(Kassenbuch!D7,"Beitrag/Abo/Verkauf"),Kassenbuch!D7,"") | E7: =IF(EXACT(Kassenbuch!D7,"Beitrag/Abo/Verkauf"),Kassenbuch!E7,"") | F7: =IF(EXACT(Kassenbuch!D7,"Beitrag/Abo/Verkauf"),Kassenbuch!F7,"")
A8: =IF(EXACT(Kassenbuch!$D8,"Beitrag/Abo/Verkauf"),Kassenbuch!A8,"") | B8: =IF(EXACT(Kassenbuch!$D8,"Beitrag/Abo/Verkauf"),Kassenbuch!B8,"") | C8: =IF(EXACT(Kassenbuch!D8,"Beitrag/Abo/Verkauf"),Kassenbuch!C8,"") | D8: =IF(EXACT(Kassenbuch!D8,"Beitrag/Abo/Verkauf"),Kassenbuch!D8,"") | E8: =IF(EXACT(Kassenbuch!D8,"Beitrag/Abo/Verkauf"),Kassenbuch!E8,"") | F8: =IF(EXACT(Kassenbuch!D8,"Beitrag/Abo/Verkauf"),Kassenbuch!F8,"")

Sheet Schlussrechnung
A1: Mein Verein e. V.
G2:  hier eintragen
A3: 45658 | G3:  hier eintragen
A4: Schlussrechnung
B6: Bilanz
B8: Eröffnungsbilanz
B9: Barkasse | E9: 1000 | F9:  hier eintragen
B10: Girokonto | E10: 2000 | F10:  hier eintragen
B11: Sparbuch | E11: 3000 | F11:  hier eintragen
B12: Vermögensstand am | D12: 45658 | E12: =SUM(E9:E11) -> 6000
D13: Datum eintragen
B14: Schlussbilanz
B15: Barkasse | E15: =Barkasse!E5 -> 1000
B16: Girokonto | E16: =Girokonto!E5 -> 2000
B17: Sparbuch | E17: =Sparbuch!E5 -> 3000
B18: Vermögensstand am | D18: =TODAY() -> 45816 | E18: =SUM(E15:E17) -> 6000
B20: Ergebnis nach Anfangs- und Endbestand | E20: =E18-E12 -> 0
B23: Gewinn- und Verlustrechnung
B25: Einnahmen
B26: Barkasse | E26: =Barkasse!J37 -> 0
B27: Girokonto | E27: =Girokonto!J37 -> 0
B28: Sparbuch | E28: =Sparbuch!J37 -> 0
B29: Summe Einnahmen | D29: =D12 -> 45658 | E29: =SUM(E26:E28) -> 0
B31: Schlussbilanz
B32: Barkasse | E32: =Barkasse!J38 -> 0
B33: Girokonto | E33: =Girokonto!J38 -> 0
B34: Sparbuch | E34: =Sparbuch!J38 -> 0
B35: Summe Ausgaben | D35: =TODAY() -> 45816 | E35: =SUM(E32:E34) -> 0
B37: Ergebnis nach Anfangs- und Endbestand | E37: =E29+E35 -> 0
B40: Kasse geführt:
A42: hier eintragen  | B42: ORT, den | D42: =TODAY() -> 45816 | E42: (Kassier)
B44: Kasse geprüft:
A46: hier eintragen  | B46: Ort den | D46: =TODAY() -> 45816 | E46: (1. Kassenprüfer)
E50: (2. Kassenprüfer)

Sheet Deckblatt
A7: =Schlussrechnung!A1 -> Mein Verein e. V.
A9: Vereinskasse
A11: =Schlussrechnung!A3 -> 45658
